 Dungeon Crawl Stone Soup version 0.24.1-8-ga250c9d538 (webtiles) character file.

Game seed: 5576521901622269139, levelgen mode: deterministic

691 Gruesph the Firebug (level 7, 0/57 HPs)
             Began as a Demigod Fire Elementalist on May 7, 2020.
             Succumbed to Sigmund's poison
             ... on level 3 of the Dungeon.
             The game lasted 00:25:21 (6356 turns).

Gruesph the Firebug (Demigod Fire Elementalist)     Turns: 6356, Time: 00:25:22

Health: 0/57       AC:  4    Str: 13    XL:     7   Next: 14%
Magic:  3/14       EV: 13    Int: 21    God:
Gold:   326        SH:  0    Dex: 16    Spells: 3/12 levels left

rFire    + . .     SeeInvis .   a - +3 dagger (elec)
rCold    + . .     Gourm    .   (no shield)
rNeg     . . .     Faith    .   l - +1 robe
rPois    +         Spirit   .   (no helmet)
rElec    +         Reflect  .   p - +0 cloak {MR+}
rCorr    +         Harm     .   (no gloves)
MR       +....                  (no boots)
Stlth    ++........             (no amulet)
HPRegen  0.19/turn              (no ring)
MPRegen  0.14/turn              (no ring)

@: lethally poisoned (0 -> -20), resistant, flying, very slightly contaminated
A: high mp 1
a: no special abilities


You were on level 3 of the Dungeon.
You were very hungry.

You visited 1 branch of the dungeon, and saw 5 of its levels.

You collected 326 gold pieces.

Inventory:

Hand Weapons
 a - a +3 dagger of electrocution (weapon)
Missiles
 d - 120 arrows
 e - 40 poisoned darts
 u - 299 stones (quivered)
Armour
 l - a +1 robe (worn)
 p - a +0 cloak of magic resistance (worn)
Jewellery
 i - a +2 ring of intelligence {unknown}
Wands
 b - a wand of flame (9)
 g - a wand of paralysis (7)
 m - a wand of polymorph (11)
Scrolls
 h - 4 scrolls of enchant weapon
 j - a scroll of blinking
 k - 3 scrolls of fear
 q - a scroll of magic mapping {unknown}
 r - a scroll of remove curse
Potions
 s - a potion of mutation {unknown}
Comestibles
 f - 12 rations


   Skills:
 - Level 3.0 Fighting
 - Level 2.0 Dodging
 - Level 2.0 Stealth
 + Level 3.0 Spellcasting
 + Level 4.0 Conjurations
 - Level 5.0 Fire Magic


You had 3 spell levels left.
You knew the following spells:

 Your Spells              Type           Power        Failure   Level  Hunger
a - Throw Flame           Conj/Fire      ###...       3%          2    ##.....
b - Conjure Flame         Conj/Fire      ###.....     6%          3    ###....
c - Sticky Flame          Conj/Fire      ###.....     21%         4    ####...

Your spell library contained the following spells:

 Spells                   Type           Power        Failure   Level  Hunger
 Flame Tongue             Conj/Fire      ###..        1%          1    None
 Inner Flame              Hex/Fire       ##......     14%         3    ###....
 Fireball                 Conj/Fire      ###.......   50%         5    ######.


Dungeon Overview and Level Annotations

Branches:
Dungeon (5/15)
 Temple: D:4-7

Annotations:
D:3 1 runed translucent door, Sigmund; sosloow's ghost, amateur HOMo


Innate Abilities, Weirdness & Mutations

You have an increased reservoir of magic. (+10% MP)


Message History

You barely miss something.
You feel sick.
You barely miss something.
You feel sick.
You hear some strange, mumbled words.
A magic dart appears from out of thin air!
The magic dart hits you.
* * * LOW HITPOINT WARNING * * *
You miss something.
You feel sick. Something hits you.
* * * LOW HITPOINT WARNING * * *
You are more poisoned.
Casting: Sticky Flame (slightly dangerous; 21% risk of failure)
Confirm with . or Enter, or press ? or * to list all spells.
You don't have enough magic to cast that spell.
You feel protected.
* * * LOW HITPOINT WARNING * * *
You feel sick. Something hits you.
* * * LOW HITPOINT WARNING * * *
It was a potion of flight.
You feel very buoyant.
You fly up into the air.
You die...

................#..#....#...###
......#......)................###
......#...................#.....#
......#..................#_#.##.#
......#...................#..##.#
......>.......................#.#
......#....[..>.............>[...
#######........{..........#.#....
# ####..####@.......<.###.#..
#@....##..........#......
........#............#...#
...............###########..
...........##### ##. ...........#
## ...........# # ..... # ......
#


There were no monsters in sight!

Vanquished Creatures
  A scorpion (D:4)
  A bullfrog zombie (D:4)
  2 crimson imps (D:5)
  Crazy Yiuf (D:4)
  A hound (D:5)
  4 orc wizards (D:5)
  An orc priest (D:5)
  Jessica (D:2)
  2 iguanas
  2 worker ants (D:4)
  A worker ant zombie (D:5)
  3 gnolls
  9 adders
  2 oozes
  A worm (D:5)
  4 dart slugs
  A leopard gecko (D:1)
  8 orcs
  9 giant cockroaches
  5 goblins
  7 hobgoblins
  A quokka (D:2)
  7 bats
  6 frilled lizards
  A jackal skeleton (D:4)
  10 kobolds
  A leopard gecko skeleton (D:5)
  A quokka skeleton (D:4)
  12 rats
105 creatures vanquished.

Notes
Turn   | Place    | Note
-------+----------+-------------------------------------------
     0 | D:1      | Gruesph the Demigod Fire Elementalist began the quest for
                  | the Orb.
     0 | D:1      | Reached XP level 1. HP: 14/14 MP: 5/5
    69 | D:1      | Reached skill level 1 in Conjurations
   236 | D:1      | Reached XP level 2. HP: 19/22 MP: 7/7
   370 | D:1      | Reached skill level 3 in Fire Magic
   490 | D:1      | Reached skill level 1 in Fighting
  1105 | D:2      | Reached XP level 3. HP: 28/28 MP: 6/8
  1112 | D:2      | Learned a level 3 spell: Conjure Flame
  1278 | D:2      | Noticed Jessica
  1284 | D:2      | Killed Jessica
  1375 | D:2      | Found a blossoming altar of Fedhas.
  1565 | D:2      | Reached XP level 4. HP: 34/35 MP: 9/9
  1811 | D:2      | Found a glowing golden altar of the Shining One.
  1882 | D:2      | Found a basalt altar of Yredelemnul.
  2035 | D:2      | Found a shimmering blue altar of Sif Muna.
  2037 | D:2      | Found a radiant altar of Vehumet.
  2073 | D:2      | Found an ornate altar of the Wu Jian Council.
  2131 | D:2      | Noticed an angel
  2306 | D:3      | Found a runed translucent door.
  2306 | D:3      | Noticed sosloow's ghost (amateur HOMo)
  2306 | D:3      | Noticed a bullfrog
  2373 | D:3      | Noticed Sigmund
  2566 | D:3      | Found a white marble altar of Elyvilon.
  2650 | D:3      | Found a faded altar of an unknown god.
  2658 | D:2      | Found a white marble altar of Elyvilon.
  2894 | D:3      | Learned a level 2 spell: Throw Flame
  3061 | D:4      | Found a shadowy altar of Dithmenos.
  3100 | D:4      | Reached XP level 5. HP: 7/42 MP: 5/10
  3454 | D:4      | Reached skill level 4 in Fire Magic
  3779 | D:4      | Found a runed translucent door.
  3780 | D:4      | Noticed Crazy Yiuf
  3788 | D:4      | Killed Crazy Yiuf
  4272 | D:4      | Reached XP level 6. HP: 51/51 MP: 0/11
  4774 | D:5      | Entered Level 5 of the Dungeon
  5879 | D:5      | Reached XP level 7. HP: 36/57 MP: 14/14
  5884 | D:5      | Reached skill level 5 in Fire Magic
  6148 | D:5      | Learned a level 4 spell: Sticky Flame
  6355 | D:3      | HP: 2/57 [something (6)]
  6356 | D:3      | Succumbed to Sigmund's poison

Levels and vault maps discovered:
D:1:      scummos_arrival_simple_fountains, layout_loops_cross,
          minmay_strange_pillars, minmay_misc_feat_nine_boxes
D:2:      layout_loops_cross, grunt_temple_overflow_holy_war,
          nicolae_overflow_hidden_temple, first_ration, fedhas_altar_fruit_tree,
          uniq_jessica
D:3:      layout_rooms, ebering_ghost_inner_flame,
          chequers_ecumenical_altar_simple, elyvilon_altar_5, uniq_sigmund
D:4:      layout_cave_pods, nicolae_dithmenos_shadow_blocks,
          lightli_ossuary_entry_decrepit_ruins, uniq_crazy_yiuf_cottage
D:5:      layout_loops_corners

Skill      XL: |  1  2  3  4  5  6  7 |
---------------+----------------------+-----
Conjurations   | 1 2 3 4 |  4.0
Stealth        | 2 |  2.0
Spellcasting   | 2 3 |  3.0
Fire Magic     | 3 4 5 |  5.0
Fighting       | 1 2 3 |  3.0
Dodging        | 2 |  2.0

Action                   |  1- 3 |  4- 6 |  7- 9 || total
-------------------------+-------+-------+-------++-------
Melee: Dagger            |     5 |       |     9 ||    14
       Hand axe          |    28 |    51 |       ||    79
       Mace              |       |    67 |     5 ||    72
Throw: Stone             |    11 |    21 |       ||    32
       Dart              |     2 |     6 |       ||     8
 Cast: Flame Tongue      |    53 |    75 |       ||   128
       Conjure Flame     |       |     4 |       ||     4
       Throw Flame       |       |    31 |     7 ||    38
Evoke: Wand              |       |     4 |     1 ||     5
  Use: Scroll            |       |     9 |       ||     9
       Potion            |       |     1 |     3 ||     4
 Stab: Sleeping          |     2 |     3 |       ||     5
  Eat: Chunk             |     2 |    13 |     2 ||    17
       Ration            |       |     1 |       ||     1
Armor: Robe              |     7 |    43 |     2 ||    52
Dodge: Dodged            |    30 |   118 |     7 ||   155
